 Dungeon Crawl Stone Soup version 0.28-a0-533-g9f97627e2a (webtiles) character file.

Game seed: 7218321246503339748

29892 jasper the Devastator (level 13, 0/97 HPs)
             Began as a Demonspawn Conjurer on Sept 25, 2021.
             Was a Priest of Qazlal.
             Slain by a black mamba (10 damage)
             ... on level 6 of the Lair of Beasts.
             The game lasted 00:40:12 (24813 turns).

jasper the Devastator (Demonspawn Conjurer)        Turns: 24813, Time: 00:40:13

Health: 0/97       AC: 13    Str: 14    XL:     13   Next: 17%
Magic:  3/24       EV: 14    Int: 31    God:    Qazlal [***...]
Gold:   330        SH: 14    Dex: 12    Spells: 9/26 levels left

rFire   . . .      SeeInvis +   K - +4 trident "Cat Zaoh" {venom, rElec}
rCold   . . .      Faith    .   R - +0 buckler
rNeg    . . .      Spirit   .   M - +1 animal skin
rPois   .          Reflect  +   Y - +2 helmet "Desonyt" {Int+2 SInv}
rElec   +          Harm     .   O - +2 cloak
rCorr   .          Rampage  .   h - +2 pair of gloves of Bitterness {Fly Int+2}
Will    .....                   (boots unavailable)
Stlth   +.........              a - amulet of Piloadas {Reflect rElec Int+3 SH+5}
HPRegen 0.26/turn               q - +6 ring of strength
MPRegen 0.19/turn               (no ring)

@: flying
A: talons 3, rugged brown scales 1, foul stench 2, demonic magic 1
a: Renounce Religion, Upheaval, Elemental Force


You were on level 6 of the Lair of Beasts.
You worshipped Qazlal.
Qazlal was most pleased with you.
You visited 2 branches of the dungeon, and saw 17 of its levels.
You also visited: Gauntlet.

You collected 837 gold pieces.
You spent 507 gold pieces at shops.

Inventory:

Hand Weapons
 K - the +4 trident "Cat Zaoh" (weapon) {venom, rElec}
   (You found it on level 8 of the Dungeon)

   It poisons the flesh of those it strikes.
   rElec:     It insulates you from electricity.
Missiles
 c - 530 stones
 v - 4 atropa-tipped darts
 w - 47 poisoned darts
 F - 2 throwing nets
 S - 6 curare-tipped darts
Armour
 h - the +2 pair of gloves of Bitterness (worn) {Fly Int+2}
   (You bought it in a shop on level 10 of the Dungeon)

   Int:       It affects your intelligence (+2).
   Fly:       It grants you flight.
 n - a +1 leather armour of fire resistance
 s - the +2 robe of the Trilobite {-Tele rPois rC+}
   (You found it on level 5 of the Dungeon)

   rC:        It protects you from cold.
   rPois:     It protects you from poison.
   -Tele:     It prevents most forms of teleportation.
 G - +0 acid dragon scales
 M - a +1 animal skin (worn)
 O - a +2 cloak (worn)
 P - a +0 troll leather armour
 R - a +0 buckler (worn)
 Y - the +2 helmet "Desonyt" (worn) {Int+2 SInv}
   (You found it in a Gauntlet)

   Int:       It affects your intelligence (+2).
   SInv:      It lets you see invisible.
Magical Staves
 i - a staff of poison
 j - a staff of earth
 H - a staff of cold
 I - a staff of cold
 L - a staff of death
Jewellery
 a - the amulet of Piloadas (around neck) {Reflect rElec Int+3 SH+5}
   (You found it on level 11 of the Dungeon)

   [amulet of reflection]

   It reflects blocked missile attacks.
   Int:       It affects your intelligence (+3).
   rElec:     It insulates you from electricity.
   SH:        It affects your SH (+5).
 k - the amulet of the Air {Inacc Air Fly rElec RMsl}
   (You found it in a Gauntlet)

   [amulet of nothing]

   It reduces the accuracy of all your attacks.
   It enhances your air magic.
   rElec:     It insulates you from electricity.
   Fly:       It grants you flight.
   RMsl:      It protects you from missiles.
 p - an amulet of faith
 q - a +6 ring of strength (left hand)
 x - an amulet of regeneration
 y - a ring of fire
 E - an amulet of the acrobat
 J - a ring of protection from cold
Wands
 b - a wand of acid (8)
 N - a wand of iceblast (11)
 Q - a wand of paralysis (16)
 U - a wand of flame (5)
Scrolls
 e - a scroll of enchant armour
 l - a scroll of vulnerability
 m - a scroll of silence
 o - 2 scrolls of summoning
 r - 2 scrolls of enchant weapon
 V - a scroll of amnesia
 W - 2 scrolls of immolation
Potions
 d - 3 potions of might
 g - 3 potions of brilliance
 t - 2 potions of attraction
 z - 2 potions of lignification
 A - 3 potions of curing
 B - a potion of mutation
 C - 3 potions of flight
 D - 2 potions of berserk rage
 T - a potion of ambrosia
 X - 2 potions of magic
Miscellaneous
 Z - a phantom mirror (inert)


   Skills:
 + Level 6.8 Fighting
 + Level 6.6 Dodging
 - Level 1.7 Stealth
 - Level 4.0 Shields
 + Level 7.3 Spellcasting
 - Level 16.1 Conjurations
 - Level 5.0 Translocations
 + Level 10.0 Invocations


You had 9 spell levels left.
You knew the following spells:

 Your Spells              Type           Power      Damage    Failure   Level
a - Magic Dart            Conj           100%       1d8       0%          1
b - Searing Ray           Conj           100%       2d8       0%          2
c - Iskenderun's Mystic   Conj/Tloc      67%        2d14      1%          4
d - Gell's Gravitas       Tloc           21%        N/A       1%          3
e - Orb of Destruction    Conj           42%        9d14      4%          7

Your spell library contained the following spells:

 Spells                   Type           Power      Damage    Failure   Level
 Foxfire                  Conj/Fire      100%       2x1d9     1%          1
 Shock                    Conj/Air       100%       1d9       1%          1
 Conjure Flame            Conj/Fire      57%        6-21      1%          3
 Dazzling Flash           Conj/Hex       100%       N/A       1%          3
 Lesser Beckoning         Tloc           42%        N/A       1%          3
 Teleport Other           Tloc           42%        N/A       1%          3
 Flame Wave               Conj/Fire      57%        3d10      1%          4
 Fulminant Prism          Conj/Hex       28%        3d14      1%          4
 Hailstorm                Conj/Ice       57%        3d12      1%          4
 Freeze                   Ice            44%        1d6       4%          1
 Sting                    Tmut/Pois      44%        1d5       4%          1
 Summon Small Mammal      Summ           44%        N/A       4%          1
 Ensorcelled Hibernation  Hex/Ice        22%        N/A       6%          2
 Poisonous Vapours        Pois/Air       22%        N/A       6%          2
 Call Canine Familiar     Summ           11%        N/A       13%         3
 Frozen Ramparts          Ice            22%        1d4       13%         3
 Inner Flame              Hex/Fire       11%        N/A       13%         3
 Spider Form              Tmut/Pois      5%         N/A       13%         3
 Summon Guardian Golem    Hex/Summ       11%        N/A       13%         3
 Tukima's Dance           Hex            11%        N/A       13%         3
 Iron Shot                Conj/Erth      28%        9d6       24%         6
 Animate Dead             Necr           5%         N/A       38%         4
 Olgreb's Toxic Radiance  Pois           11%        N/A       38%         4
 Borgnjor's Vile Clutch   Necr/Erth      5%         N/A       75%         5
 Spellforged Servitor     Conj/Summ      28%        N/A       78%         7
 Death Channel            Necr           5%         N/A       100%        6


Dungeon Overview and Level Annotations

Branches:
Dungeon (11/15)            Temple (0/1) D:7            Lair (6/6) D:11
 Shoals (0/4) Lair:2        Snake (0/4) Lair:2        Slime (0/5) Lair:6
    Orc (0/2) D:11        Gauntlet (visited)

Altars:
Ashenzari
Gozag
Okawaru
Qazlal
Sif Muna
Yredelemnul

Shops:
D:4 *   D:6 ?   D:10 [


Innate Abilities, Weirdness & Mutations

You have claws for feet.
You are partially covered in rugged brown scales. (AC +1, +3% HP)
You sometimes emit foul miasma when damaged in melee.
Spells you cast may paralyse adjacent enemies.


Message History

You feel extremely sick. You block the black mamba's attack.
The black mamba bites you!
* * * LOW HITPOINT WARNING * * *
You take 21 damage, and have 28/97 hp.
MASSIVE DAMAGE!!
You feel very sick. The black mamba bites you!
* * * LOW HITPOINT WARNING * * *
You block the jelly's attack.
You take 17 damage, and have 11/97 hp.
* * * LOW HITPOINT WARNING * * *
You feel very sick. You block the black mamba's attack.
The jelly barely misses you.
You see here a wolf corpse.
You take 4 damage, and have 7/97 hp.
You feel better. The black mamba barely misses you.
The blink frog blinks!
The jelly hits you but does no damage. You block the black mamba's attack.
You regained 11 hp, and now have 18/97 hp.
You hear a bellow!
The blink frog blinks!
You block the blink frog's attack. The black mamba bites you.
* * * LOW HITPOINT WARNING * * *
You block the blink frog's attack.
You take 1 damage, and have 17/97 hp.
The black mamba bites you.
* * * LOW HITPOINT WARNING * * *
You take 4 damage, and have 13/97 hp.
Okay, then.
The black mamba bites you but does no damage.
The black mamba barely misses you.
You hit the death yak but do no damage.
The death yak is poisoned.
You claw the death yak, but do no damage.
The black mamba misses you.
The blink frog blinks!
The black mamba bites you!
* * * LOW HITPOINT WARNING * * *
You are lethally poisoned!
The black mamba poisons you!
The death yak gores you but does no damage.
You take 10 damage, and have 4/97 hp.
Unknown command.
You feel better. The black mamba bites you!
You die...

#..###JJ###*.,,..,##...#
#†..###..####...,*#P..##
##..####...##P.,**#....P
#....##....###P,,*#...Y.
##J.###....###..###l..Y.
#....#..PJ.##......F....
##..#####.P#....#..####.
#†## ###..##P...#...F#§
##..###@Y.F......?......
#..$.JS°................
###..#.#..#..#..P..#...#
#############.P###.###
###* ###


You could see a death yak (poisoned), a black mamba, a blink frog and a jelly.

Vanquished Creatures
  5 hydras
  A hell beast (Gauntlet)
  A two-headed ogre (D:9)
  A centaur warrior (D:11)
  Urug (D:10)
  An orange crystal statue (Lair:2)
  2 cyclopes (D:11)
  4 black mambas
  Joseph (D:10)
  A merfolk siren (Lair:2)
  2 elephants
  An apocalypse crab (Gauntlet)
  8 cane toads
  An unseen horror (D:11)
  2 komodo dragons
  2 trolls
  A hornet (D:10)
  14 blink frogs
  2 dream sheep (Lair:6)
  3 wyverns
  31 yaks
  3 basilisks
  Grum (D:10)
  2 nagas (Lair:2)
  An acid dragon (D:10)
  4 water moccasins
  2 hell hounds (Gauntlet)
  3 black bears
  4 orc warriors
  3 sky beasts
  8 necrophages
  2 ogres
  12 wolves
  8 centaurs
  A kobold brigand (D:9)
  A gnoll sergeant (D:6)
  13 bullfrogs
  3 scorpions
  5 killer bees (D:11)
  4 wights
  2 howler monkeys (D:10)
  3 lava snakes
  A bullfrog zombie (D:5)
  A bullfrog skeleton (D:3)
  3 hounds
  8 jellies
  5 centaur zombies
  2 centaur skeletons
  5 orc priests
  4 iguanas
  3 orc wizards
  A scorpion zombie (D:5)
  A killer bee zombie (D:7)
  4 gnolls
  9 adders
  A shadow imp (D:5)
  A white imp (D:7)
  An ufetubus (D:5)
  A worm (D:2)
  A dart slug (D:1)
  25 orcs
  A bat (D:2)
  An endoplasm (D:4)
  A giant cockroach (D:1)
  4 goblins
  8 hobgoblins
  A quokka (D:1)
  9 ball pythons
  A frilled lizard (D:1)
  11 kobolds
  A quokka skeleton (D:4)
  4 rats
289 creatures vanquished.

Vanquished Creatures (others)
  A bush (Lair:2)
  26 fungi
  54 plants
  A withered plant (D:11)
82 creatures vanquished.

Grand Total: 371 creatures vanquished

Notes
Turn   | Place    | Note
-------+----------+-------------------------------------------
     0 | D:1      | jasper the Demonspawn Conjurer began the quest for the Orb.
     0 | D:1      | Reached XP level 1. HP: 13/13 MP: 3/3
   346 | D:1      | Gained mutation: You may rarely emit foul miasma when
                  | damaged in melee. [demonic ancestry]
   346 | D:1      | Reached XP level 2. HP: 14/19 MP: 0/5
   847 | D:1      | Learned a level 2 spell: Searing Ray
  1012 | D:1      | Found a faded altar of an unknown god.
  1020 | D:1      | Became a worshipper of Qazlal Stormbringer
  1020 | D:1      | Reached * piety under Qazlal
  1204 | D:1      | Identified a scroll of acquirement
  1204 | D:1      | Acquired a book of Dangerous Friends
  1462 | D:2      | Reached skill level 5 in Conjurations
  1462 | D:2      | Gained mutation: Spells you cast may paralyse adjacent
                  | enemies. [demonic ancestry]
  1462 | D:2      | Reached XP level 3. HP: 18/24 MP: 0/6
  1944 | D:2      | Found an iron altar of Okawaru.
  3028 | D:3      | Gained mutation: You have sharp toenails. [demonic
                  | ancestry]
  3028 | D:3      | Reached XP level 4. HP: 25/30 MP: 0/7
  3208 | D:3      | Reached skill level 6 in Conjurations
  3767 | D:4      | Found Tamum's Mayhem Merchandise.
  3769 | D:4      | Gained mutation: You sometimes emit foul miasma when
                  | damaged in melee. [demonic ancestry]
  3769 | D:4      | Reached XP level 5. HP: 31/35 MP: 6/8
  3905 | D:4      | Noticed an ogre
  4065 | D:5      | Entered Level 5 of the Dungeon
  4213 | D:5      | Reached skill level 7 in Conjurations
  4291 | D:5      | Reached ** piety under Qazlal
  4318 | D:5      | Reached XP level 6. HP: 24/41 MP: 0/9
  4323 | D:5      | Learned a level 4 spell: Iskenderun's Mystic Blast
  4445 | D:5      | Noticed a sky beast
  4457 | D:5      | Killed a sky beast
  4571 | D:5      | Identified the +2 robe of the Trilobite {-Tele rPois rC+}
  4688 | D:5      | Reached skill level 8 in Conjurations
  4729 | D:5      | Noticed a yak
  4757 | D:5      | Killed a yak
  4758 | D:5      | Gained mutation: You are partially covered in rugged brown
                  | scales. (AC +1, +3% HP) [demonic ancestry]
  4758 | D:5      | Reached XP level 7. HP: 41/47 MP: 2/10
  4853 | D:5      | Noticed a yak
  4862 | D:5      | Noticed a yak
  4875 | D:5      | Killed a yak
  4876 | D:5      | Reached skill level 9 in Conjurations
  4906 | D:5      | Killed a yak
  5296 | D:5      | Reached skill level 10 in Conjurations
  5502 | D:5      | Reached XP level 8. HP: 52/53 MP: 4/11
  5506 | D:5      | Learned a level 3 spell: Gell's Gravitas
  6520 | D:6      | Found Yzxap's Magic Scroll Shoppe.
  6526 | D:6      | Bought a scroll of blinking for 90 gold pieces
  6637 | D:6      | Reached skill level 5 in Translocations
  6752 | D:6      | Reached skill level 1 in Invocations
  6864 | D:6      | Reached skill level 1 in Fighting
  7600 | D:7      | Reached XP level 9. HP: 62/62 MP: 6/13
  8343 | D:7      | Found a staircase to the Ecumenical Temple.
  9803 | D:8      | Reached *** piety under Qazlal
  9857 | D:8      | Identified the +4 trident "Cat Zaoh" {venom, rElec}
  9963 | D:8      | Reached skill level 5 in Invocations
  9990 | D:8      | Found a basalt altar of Yredelemnul.
 11170 | D:9      | Noticed a two-headed ogre
 11193 | D:9      | Killed a two-headed ogre
 11296 | D:9      | Paralysed by an orc warrior for 3 turns
 11303 | D:9      | Paralysed by an orc warrior for 2 turns
 11309 | D:9      | Reached XP level 10. HP: 66/75 MP: 1/17
 11354 | D:9      | Learned a level 7 spell: Orb of Destruction
 11982 | D:10     | Entered Level 10 of the Dungeon
 11982 | D:10     | Found Onteihuxu's Armour Shop.
 11992 | D:10     | Reached skill level 1 in Shields
 12388 | D:9      | Reached skill level 5 in Spellcasting
 12645 | D:10     | Noticed Grum
 12663 | D:10     | Killed Grum
 12949 | D:10     | Noticed Joseph
 12955 | D:10     | Killed Joseph
 13803 | D:10     | Reached skill level 5 in Dodging
 13804 | D:10     | Reached skill level 5 in Fighting
 13978 | D:10     | Found an opulent altar of Gozag.
 14008 | D:10     | Noticed Urug
 14019 | D:10     | Killed Urug
 14020 | D:10     | Gained mutation: You have razor-sharp toenails. [demonic
                  | ancestry]
 14020 | D:10     | Reached XP level 11. HP: 65/82 MP: 4/20
 14910 | D:11     | Reached skill level 11 in Conjurations
 15402 | D:11     | Found a staircase to the Lair.
 15560 | D:11     | Noticed a four-headed hydra
 15561 | D:11     | Noticed a centaur warrior
 15567 | D:11     | Killed a centaur warrior
 15577 | D:11     | Killed a four-headed hydra
 15752 | D:11     | Found a staircase to the Orcish Mines.
 15756 | D:11     | Identified the amulet of Piloadas {Reflect rElec Int+3
                  | SH+5}
 16004 | D:11     | Found a shimmering blue altar of Sif Muna.
 16123 | D:11     | Found a shimmering blue altar of Sif Muna.
 16541 | D:10     | Bought the +2 pair of gloves of Bitterness {Fly Int+2} for
                  | 417 gold pieces
 16585 | Lair:1   | Entered Level 1 of the Lair of Beasts
 17133 | Lair:1   | Reached skill level 12 in Conjurations
 17703 | Lair:1   | Noticed a five-headed hydra
 17730 | Lair:1   | Killed a five-headed hydra
 17731 | Lair:1   | Gained mutation: You have claws for feet. [demonic
                  | ancestry]
 17731 | Lair:1   | Reached XP level 12. HP: 29/91 MP: 12/22
 18777 | Lair:2   | Found a staircase to the Snake Pit.
 19366 | Lair:2   | Reached skill level 13 in Conjurations
 19765 | Lair:2   | Found a staircase to the Shoals.
 19774 | Lair:2   | Noticed a four-headed hydra
 19784 | Lair:2   | Killed a four-headed hydra
 20140 | Lair:2   | Reached skill level 14 in Conjurations
 20670 | Lair:2   | Noticed an eight-headed hydra
 21920 | Lair:3   | Noticed a seven-headed hydra
 21968 | Lair:3   | Killed a seven-headed hydra
 21969 | Lair:3   | Reached skill level 15 in Conjurations
 22298 | Lair:3   | You are sucked into a shaft and drop 3 floors!
 22298 | Lair:6   | Entered Level 6 of the Lair of Beasts
 22304 | Lair:6   | Noticed a death yak
 22322 | Lair:6   | Found a gate leading to a gauntlet.
 22333 | Gauntlet | Entered a Gauntlet
 22333 | Gauntlet | Found a transporter.
 22339 | Gauntlet | Noticed a quicksilver ooze
 22499 | Gauntlet | Found a transporter.
 22515 | Gauntlet | Found the amulet of the Air {Inacc Air Fly rElec RMsl}
 22520 | Gauntlet | Found a transporter.
 22544 | Gauntlet | Found a transporter.
 22545 | Gauntlet | Noticed a hell beast
 22554 | Gauntlet | Found a transporter.
 22565 | Gauntlet | Noticed a blizzard demon
 22568 | Gauntlet | Found a transporter.
 22597 | Gauntlet | Found a transporter.
 22597 | Gauntlet | Found a transporter.
 22602 | Gauntlet | Found a transporter.
 22633 | Gauntlet | Found a transporter.
 22633 | Gauntlet | Found a transporter.
 22662 | Gauntlet | Found a transporter.
 22757 | Gauntlet | Killed a hell beast
 22903 | Gauntlet | Identified the +2 helmet "Desonyt" {Int+2 SInv}
 22958 | Gauntlet | Found the macabre finger necklace {rN+}
 22958 | Gauntlet | Noticed a minotaur
 22982 | Gauntlet | Got the Volume of Arcane Weapons
 23079 | Lair:4   | Noticed a six-headed hydra
 23109 | Lair:4   | Killed a six-headed hydra
 23110 | Lair:4   | Reached skill level 16 in Conjurations
 23110 | Lair:4   | Reached XP level 13. HP: 44/96 MP: 1/23
 24105 | Lair:3   | Found a broken altar of Ashenzari.
 24738 | Lair:4   | You are sucked into a shaft and drop 2 floors!
 24771 | Lair:6   | Reached skill level 10 in Invocations
 24812 | Lair:6   | HP: 4/97 [black mamba (10)]
 24813 | Lair:6   | Slain by a black mamba

Illustrated notes

Levels and vault maps discovered:
D:1:      beargit_arrival_greenhouse, layout_basic,
          shapermc_ecumenical_altar_notcrosses
D:2:      layout_basic, basic_altar
D:3:      layout_rooms, corexii_corridor_pit
D:4:      layout_basic, gammafunk_temple_overflow_claw, serial_shops,
          shop_fountains, fountainhead, grunt_decor_cap, grunt_ministairs_12,
          minmay_shop_mayhem, chequers_garden, roderic_lattice_a
D:5:      layout_rooms
D:6:      layout_cave_pools, serial_shops, nicolae_stop_n_shop_2
D:7:      layout_rooms, minmay_temple_entry_ruins, nicolae_zen_rock_garden,
          hangedman_abyss_or_decor_passed
D:8:      layout_gridville, lemuel_tele_altar
D:9:      layout_long_grid
D:10:     layout_cave_pods, mainiacjoe_overflow_small_starburst,
          nicolae_stop_n_shop_1, st_stairs_1, uniq_urug, uniq_grum, uniq_joseph
D:11:     layout_small_grid, david_lair_generic, orc_0_dummy, serial_undead,
          serial_undead_c, serial_undead_c, serial_undead_c, serial_undead_b,
          serial_undead_e, serial_undead_b, serial_undead_f,
          hangedman_feature_mirror, kennysheep_generic_room_7
Lair:1:   layout_misc_corridors, grunt_megastairs_4
Lair:2:   layout_chaotic_city, minmay_shoals_entry_lonely_mermaid,
          guppyfry_snake_entry_garden, chequers_serial_rivers_small_3,
          disabler_island, serial_bayou_shore_a
Lair:3:   layout_small_grid, lemuel_centaur_altar
Lair:4:   layout_misc_corridors
Lair:5:   layout_long_grid, serial_bayou_shore_b, lemuel_fruit_tree
Lair:6:   evilmike_catoblepas_cave, layout_regular_city,
          minmay_slime_entry_jelly_boxes, gauntlet_entry_generic

Skill      XL: |  1  2  3  4  5  6  7  8  9 10 11 12 13 |
---------------+----------------------------------------+-----
Conjurations   | 5 6 7 8 10 12 16 | 16.1
Translocations | 2 5 |  5.0
Dodging        | 2 4 5 6 |  6.6
Invocations    | 2 6 8 9 10 | 10.0
Fighting       | 2 4 5 6 |  6.8
Spellcasting   | 4 6 7 |  7.3
Shields        | 4 |  4.0
Stealth        | |  1.7

Action                   |  1- 3 |  4- 6 |  7- 9 | 10-12 | 13-15 || total
-------------------------+-------+-------+-------+-------+-------++-------
Melee: Unarmed           |     9 |       |       |       |       ||     9
       Short sword       |     7 |    22 |       |       |       ||    29
       Dagger            |       |     2 |    50 |       |       ||    52
       Trident           |       |       |    10 |   138 |    20 ||   168
       Kick              |       |       |       |    34 |     8 ||    42
Throw: Dart              |       |       |     1 |     1 |       ||     2
 Cast: Magic Dart        |    69 |    39 |   139 |   297 |     9 ||   553
       Searing Ray       |     3 |     8 |    34 |    70 |     6 ||   121
       Gell's Gravitas   |       |       |     7 |    12 |       ||    19
       Iskenderun's Myst |       |       |     2 |    28 |    12 ||    42
       Orb of Destructio |       |       |       |    11 |     7 ||    18
Invok: Upheaval          |       |       |       |     8 |       ||     8
       Elemental Force   |       |       |       |     1 |       ||     1
Evoke: Wand              |       |       |       |     6 |       ||     6
       Phantom mirror    |       |       |       |     1 |       ||     1
  Use: Scroll            |    10 |     1 |     2 |    12 |     4 ||    29
       Potion            |       |       |       |     5 |     2 ||     7
 Stab: Paralysed         |     2 |     6 |    43 |    30 |     1 ||    82
Armor: Robe              |     3 |    13 |    32 |    10 |       ||    58
       Animal skin       |       |       |       |   101 |    15 ||   116
Dodge: Dodged            |    18 |    22 |    54 |   172 |    34 ||   300
Block: Other             |     1 |     2 |    12 |     3 |       ||    18
       Buckler           |       |       |       |   167 |    49 ||   216
       Reflection        |       |       |       |     7 |     6 ||    13

Table legend: (Time is in decaauts)
 A = Elapsed time spent in this place.
 B = Non-inter-level travel time spent in this place.
 C = Inter-level travel time spent in this place.
 D = Time resting spent in this place.
 E = Time spent auto-exploring this place.
 F = Levels seen in this place.
 G = Mean time per level.
                   A        B        C        D        E       F      G
               +--------+--------+--------+--------+--------+-----+--------+
         Total |  24869 |  23789 |   1080 |   6992 |  13425 |  18 | 1381.6 |
       Dungeon |  16620 |  15697 |    923 |   4472 |   9073 |  11 | 1510.9 |
          Lair |   7598 |   7442 |    156 |   2303 |   4094 |   6 | 1266.3 |
      Gauntlet |    650 |    650 |      0 |    217 |    258 |   1 |  650.0 |
               +--------+--------+--------+--------+--------+-----+--------+

Top non-repeatable levels by time:
  Lair:2: 2637 daAuts
  Lair:3: 2230 daAuts
    D:11: 2228 daAuts
    D:10: 2160 daAuts
  Lair:1: 2016 daAuts
     D:6: 1848 daAuts
     D:5: 1789 daAuts
     D:9: 1536 daAuts
     D:8: 1511 daAuts
     D:7: 1476 daAuts
     D:3: 1234 daAuts
     D:1: 1229 daAuts
     D:2: 1080 daAuts
Gauntlet: 650 daAuts
  Lair:4: 527 daAuts
